 Dungeon Crawl Stone Soup version 0.19-a0-994-g3c636f0 (webtiles) character file.

302736 tsouns the Imperceptible (level 21, -4/147 HPs)
             Began as a Kobold Monk on July 16, 2016.
             Was the Champion of Hepliaklqana.
             Killed from afar by Jory (72 damage)
             ... with a crystal spear
             ... on level 3 of the Vaults on July 17, 2016.
             The game lasted 02:45:27 (38755 turns).

tsouns the Imperceptible (Kobold Monk)             Turns: 38755, Time: 02:45:28

Health: -4/147     AC: 15    Str: 11    XL:     21   Next: 99%
Magic:  30/30      EV: 39    Int: 16    God:    Hepliaklqana [******]
Gold:   346        SH: 18    Dex: 38    Spells: 4 memorised, 19 levels left

rFire  + + .     SeeInvis .     k - +9 quick blade (flame)
rCold  + + +     Gourm    .     I - +2 robe of Greed {Int+4 Dex+4}
rNeg   . . .     Faith    .     t - +2 buckler of the Monkey {-Cast *Contam rCorr Dex+9}
rPois  +         Spirit   .     x - +1 hat of Emaow {+Blink +Fly rF++ Str-2}
rElec  +         Dismiss  .     w - +1 cloak of Kenarph {-Cast rPois rC+++ Slay+5}
rCorr  +         Reflect  +     V - +3 pair of gauntlets of War {Slay+5}
SustAt .         Harm     .     K - +2 pair of boots {Fly}
MR     ++...     NoCast   +     j - +5 amulet of reflection
Stlth  ++++++++++               T - ring of protection from magic
                                D - ring of Boqoise {rElec rPois AC+1 Int+4}

@: flying, very resistant to hostile enchantments, uncannily stealthy
A: carnivore 3
a: Recall Ancestor, Ancestor Identity, Transference, Idealise, Renounce
Religion, Evoke Blink, Stop Flying
}: 2/15 runes: barnacled, gossamer


You were on level 3 of the Vaults.
You worshipped Hepliaklqana.
Hepliaklqana was exalted by your worship.
You were not hungry.

You visited 7 branches of the dungeon, and saw 35 of its levels.
You visited the Abyss 1 time.
You also visited: Labyrinth and Ice Cave.

You collected 3807 gold pieces.
You spent 3461 gold pieces at shops.

Inventory:

Hand Weapons
 k - a +9 quick blade of flaming (weapon)
Missiles
 r - 51 tomahawks (quivered)
 H - 10 throwing nets
Armour
 t - the +2 buckler of the Monkey (worn) {-Cast *Contam rCorr Dex+9}
   (You bought it in a shop on level 1 of the Shoals)

   It affects your dexterity (+9).
   It prevents spellcasting.
   It causes magical contamination when unequipped.
   It protects you from acid and corrosion.
 w - the +1 cloak of Kenarph (worn) {-Cast rPois rC+++ Slay+5}
   (You found it in an ice cave)

   It affects your accuracy and damage with ranged weapons and melee attacks
   (+5).
   It renders you almost immune to cold.
   It protects you from poison.
   It prevents spellcasting.
 x - the +1 hat of Emaow (worn) {+Blink +Fly rF++ Str-2}
   (You acquired it on level 4 of the Spider Nest)

   It affects your strength (-2).
   It greatly protects you from fire.
   It lets you fly.
   It lets you blink.
 I - the +2 robe of Greed (worn) {Int+4 Dex+4}
   (You found it on level 7 of the Dungeon)

   It affects your intelligence (+4).
   It affects your dexterity (+4).
 K - a +2 pair of boots of flying (worn)
 V - the +3 pair of gauntlets of War (worn) {Slay+5}
   (You bought it in a shop on level 9 of the Dungeon)

   It affects your accuracy and damage with ranged weapons and melee attacks
   (+5).
Rods
 Y - a +3 rod of ignition (9/9)
   (You found it in a labyrinth)
Jewellery
 j - a +5 amulet of reflection (around neck)
 D - the ring of Boqoise (left hand) {rElec rPois AC+1 Int+4}
   (You acquired it on level 1 of the Spider Nest)

   [ring of protection]

   It affects your AC (+1).
   It affects your intelligence (+4).
   It insulates you from electricity.
   It protects you from poison.
 T - a ring of protection from magic (right hand)
Wands
 i - a wand of iceblast (2/15)
 n - a wand of paralysis (14/24)
 p - a wand of polymorph (14/24)
 q - a wand of iceblast (6/15)
 z - a wand of enslavement (8/24)
 M - a wand of disintegration (10/24)
 Q - a wand of iceblast (5/15)
 R - a wand of lightning (5/15)
 S - a wand of teleportation (7/9)
Scrolls
 b - 2 scrolls of recharging
 g - 4 scrolls of fog
 h - a scroll of enchant armour
 o - 5 scrolls of blinking
 y - 3 scrolls of summoning
 C - 2 scrolls of remove curse
 F - 8 scrolls of magic mapping
 J - a scroll of holy word
 O - 10 scrolls of identify
 P - 4 scrolls of fear
 Z - 6 scrolls of teleportation
Potions
 d - 2 potions of magic
 f - 13 potions of curing
 m - 2 potions of cancellation
 v - 3 potions of ambrosia
 A - 4 potions of agility
 B - 6 potions of might
 E - 9 potions of haste
 L - 2 potions of invisibility
 W - 6 potions of heal wounds
 X - 3 potions of berserk rage
Miscellaneous
 a - a disc of storms
 e - a lamp of fire
 l - a fan of gales
Comestibles
 c - 18 meat rations
 u - 15 beef jerkies
 G - 9 royal jellies


   Skills:
 + Level 20.3 Fighting
 - Level 10.2 Short Blades
   Level 0.4 Maces & Flails
 + Level 19.8 Dodging
 + Level 22.4 Stealth
 - Level 8.7 Shields
 - Level 3.8 Spellcasting
 - Level 7.6 Hexes
 + Level 10.6 Invocations
 + Level 12.9 Evocations


You had 19 spell levels left.
You knew the following spells:

 Your Spells              Type           Power        Failure   Level  Hunger
a - Confuse               Hex            ####....     1%          3    ###....
b - Apportation           Tloc           #.........   21%         1    None
c - Blink                 Tloc           N/A          30%         2    ##.....
d - Repel Missiles        Chrm/Air       #.....       30%         2    ##.....


Dungeon Overview and Level Annotations

Branches:
Dungeon (15/15)            Temple (1/1) D:4            Lair (6/6) D:9
 Shoals (4/4) Lair:3       Spider (4/4) Lair:4        Slime (0/5) Lair:5
    Orc (2/2) D:11            Elf (0/3) Orc:2        Vaults (3/5) D:13
 Depths (0/5) D:15
  Crypt: Vaults:2-3

Altars:
Ashenzari
Cheibriados
Dithmenos
Elyvilon
Fedhas
Gozag
Hepliaklqana
Kikubaaqudgha
Makhleb
Nemelex Xobeh
Okawaru
Pakellas
Qazlal
Ru
Sif Muna
Trog
Uskayaw
Vehumet
Xom
Yredelemnul
Zin
The Shining One
Beogh
Jiyva

Shops:
D:4 }   D:9 *[?(   D:14 =   Orc:2 (!(*   Shoals:1 [   Vaults:1 *=(}%
Vaults:2 ?

Annotations:
D:3 1 runed door
Vaults:3 Jory


Innate Abilities, Weirdness & Mutations

You are small and have problems with some larger weapons.
You are carnivorous and can eat meat at any time.


Message History

Jory is moderately damaged.
You puncture Jory! You burn Jory!
Jory is heavily damaged.
Marketa hits Jory but does no damage.
Jory closely misses you. You block Jory's attack.
You hit Jory. You burn Jory.
Jory is heavily damaged.
You completely miss Jory.
Jory is heavily damaged.
Marketa closely misses Jory.
You puncture Jory! You burn Jory.
Jory is heavily damaged.
You hit Jory. You burn Jory.
Jory is heavily damaged.
You puncture Jory! You burn Jory.
Jory is severely damaged.
Marketa hits Jory with a dagger of draining!
Jory casts a spell at you. The crystal spear hits you!
You die...

########################
........................
........................
................@V...#
................R....#
.....................#
.....................#
.....................#
#######..............#
..#####..............#
..#..##.............##
###..#####.........#


You could see the friendly Marketa the hexer and Jory.

Vanquished Creatures
  Mara (Spider:4)
  The ghost of mistymad the Acrobat, a veteran MfSk of Fedhas (Vaults:3)
  A bone dragon (Spider:3)
  Arachne (Spider:4)
  Jorgrun (Spider:3)
  Rupert (D:13)
  Roxanne (Spider:4)
  Donald (Shoals:4)
  Ilsuiw (Shoals:4)
  A frost giant (Shoals:4)
  4 vault wardens
  4 ghost moths (Spider:4)
  An orc warlord (D:11)
  3 emperor scorpions (Spider:4)
  The ghost of Charly the Carver, a journeyman HaWr of Trog (Spider:4)
  7 ironheart preservers
  An ophan (Abyss:3)
  A reaper (IceCv)
  4 entropy weavers
  The ghost of Gruud the Slicer, a journeyman DsGl of Uskayaw (Orc:1)
  A stone giant (Vaults:2)
  A deep elf demonologist (Vaults:2)
  A purple draconian (Abyss:3)
  A spark wasp (Spider:4)
  Azrael (D:15)
  3 deep elf death magi (Vaults:2)
  3 merfolk javelineers
  Josephine (D:15)
  A fire dragon (Lair:5)
  A great orb of eyes (Vaults:2)
  A minotaur (Lab)
  7 merfolk impalers
  A deep elf high priest (Vaults:3)
  3 hydras
  2 ice dragons
  3 yaktaur captains
  8 centaur warriors
  A merfolk avatar (Shoals:1)
  8 vault guards (D:13)
  An alligator snapping turtle (Shoals:4)
  A satyr (Shoals:4)
  Erica (Lair:2)
  4 catoblepae
  A death knight (Vaults:2)
  11 ogre magi
  10 death yaks
  A tengu warrior (D:15)
  8 merfolk aquamancers
  A deep troll shaman (Vaults:2)
  Urug (Lair:2)
  An orc high priest (Orc:2)
  A deep troll earth mage (Vaults:2)
  2 deep elf knights (Vaults:3)
  11 skeletal warriors
  4 unseen horrors
  10 sea snakes
  3 deep trolls
  4 ironbrand convokers
  A wizard (Vaults:1)
  A giant orange brain (Vaults:3)
  A necromancer (Vaults:2)
  4 deep elf archers
  3 lindwurms
  25 harpies
  A phantasmal warrior (Vaults:2)
  11 orc knights
  38 wolf spiders
  12 hill giants
  11 orb spiders
  A sphinx zombie (Vaults:2)
  10 fauns
  5 hornets
  4 orc sorcerers
  15 griffons
  20 ugly things
  3 deep elf magi
  A wolf spider zombie (D:13)
  2 oklob plants (D:13)
  14 manticores
  10 cyclopes
  Joseph (D:7)
  10 centaur zombies
  2 moths of wrath
  Maurice (D:8)
  3 vault sentinels
  A guardian serpent (Abyss:3)
  7 elephants
  4 black mambas
  2 smoke demons (Abyss:3)
  2 torpor snails
  3 water nymphs
  13 sirens
  4 gargoyles
  3 ice statues
  A kobold demonologist (D:13)
  8 spiny frogs
  2 yaktaurs (shapeshifter)
  An efreet (D:13)
  6 komodo dragons
  5 freezing wraiths
  22 yaktaurs
  A redback zombie (D:15)
  7 demonic crawlers
  A rime drake (Lair:6)
  7 ice devils
  A guardian mummy (D:13)
  5 ancient zymes (Abyss:3)
  28 merfolk
  11 trolls
  9 meliai
  A troll (shapeshifter) (Vaults:1)
  A queen bee (Lair:4)
  2 wind drakes
  37 jumping spiders
  A minotaur skeleton (Lab)
  3 polar bears
  18 two-headed ogres
  22 blink frogs
  9 snapping turtles
  42 slime creatures
  8 boulder beetles
  A fire giant simulacrum (Vaults:2)
  A human simulacrum (Vaults:1)
  A meliai zombie (D:13)
  3 flying skulls (Abyss:3)
  6 wraiths
  60 redbacks
  3 shadows
  2 fire elementals (D:15)
  A vampire (D:13)
  14 water elementals
  41 yaks
  2 basilisks
  33 tarantellas
  2 wyverns
  4 hungry ghosts
  13 hippogriffs
  A golden eye (shapeshifter) (Vaults:2)
  2 chaos spawn (Abyss:3)
  3 mottled dragons
  4 large abominations (Abyss:3)
  6 insubstantial wisps (Abyss:3)
  6 wargs
  2 hell hounds (D:15)
  9 water moccasins
  A hornet simulacrum (D:15)
  10 porcupines
  A sky beast (D:7)
  2 black bears
  8 ice beasts
  31 orc warriors
  4 phantoms
  A swamp drake (D:11)
  An eye of draining (shapeshifter) (Vaults:1)
  9 wolves
  3 boggarts (Vaults:2)
  An eye of draining (D:10)
  6 necrophages
  2 wasps (Spider:4)
  47 ogres
  12 centaurs
  11 crocodiles
  4 big kobolds
  15 giant frogs
  A gnoll sergeant (D:7)
  Dowan (D:5)
  3 wyvern zombies
  A glowing shapeshifter simulacrum (Vaults:2)
  A wyvern skeleton (D:14)
  A small abomination (Abyss:3)
  5 scorpions
  27 killer bees
  3 wights (D:10)
  3 electric eels
  9 crimson imps
  3 jellies
  A giant frog zombie (D:13)
  2 quasits
  6 hounds
  A gnoll shaman (D:4)
  An iron imp (Abyss:3)
  24 orc priests
  3 centaur skeletons
  2 giant frog skeletons
  10 iguanas
  26 orc wizards
  13 worker ants
  28 sheep
  2 hound skeletons
  6 mummies (D:13)
  A worker ant zombie (D:11)
  10 gnolls
  66 river rats
  11 adders
  2 shadow imps
  11 white imps
  8 ufetubi
  2 oozes (D:1)
  An adder skeleton (D:4)
  A worm (D:2)
  A dart slug (D:1)
  2 giant geckos
  99 orcs
  A ball python (D:3)
  2 giant cockroaches
  4 goblins
  10 hobgoblins
  8 jackals
  5 quokkas
  9 bats
  A giant gecko skeleton (D:7)
  4 giant newts
  20 kobolds
  11 rats
  A bush (D:13)
  A plant (D:13)
1533 creatures vanquished.

Vanquished Creatures (collateral kills)
  Nikola (Spider:4)
  A rakshasa (Vaults:2)
  A merfolk aquamancer (Shoals:1)
  A merfolk avatar (Shoals:2)
  An unseen horror (D:15)
  A sea snake (Shoals:4)
  Pikel (D:4)
  An orc knight (Vaults:2)
  A wolf spider (Spider:4)
  2 harpies
  A deep elf mage (Vaults:3)
  A faun (Shoals:2)
  A siren (Shoals:3)
  A komodo dragon (D:13)
  A yaktaur (Vaults:3)
  A merfolk (Shoals:3)
  A snapping turtle (Shoals:4)
  A slime creature (Vaults:1)
  A two-headed ogre (Orc:2)
  A blink frog (Lair:4)
  2 redbacks
  2 water elementals
  A hippogriff (Lair:5)
  A basilisk (Lair:4)
  2 yaks (Lair:6)
  A mottled dragon (Vaults:1)
  A warg (Orc:2)
  Duvessa (D:5)
  2 porcupines
  2 ice beasts (Lair:6)
  An orc warrior (Orc:2)
  A phantom (D:8)
  A slave (D:4)
  A crocodile (Lair:4)
  A giant frog (Lair:1)
  A gnoll sergeant (D:9)
  A scorpion (D:7)
  3 killer bees
  A wight (D:13)
  3 crimson imps
  A giant frog zombie (D:5)
  2 hounds
  An orc priest (D:5)
  3 worker ants
  3 orc wizards
  7 gnolls
  A howler monkey skeleton (D:7)
  7 river rats
  A shadow imp (D:5)
  A giant gecko (D:8)
  10 orcs
  3 plants
90 creatures vanquished.

Vanquished Creatures (others)
  A satyr (Shoals:3)
  A deep elf archer (Vaults:3)
  A cyclops (Shoals:4)
  2 fauns
  2 slaves (D:4)
  An orc priest (D:4)
  23 hexers
  An adder (D:4)
  2 white imps (IceCv)
  3 ufetubi (IceCv)
  2 orcs (D:4)
  A jackal (D:4)
  4 fungi (Lair:4)
  21 plants (Shoals:4)
65 creatures vanquished.

Grand Total: 1688 creatures vanquished

Notes
Turn   | Place    | Note
-------+----------+-------------------------------------------
     0 | D:1      | tsouns the Kobold Monk began the quest for the Orb.
     0 | D:1      | Reached XP level 1. HP: 14/14 MP: 1/1
   140 | D:1      | Reached skill level 3 in Stealth
   140 | D:1      | Reached XP level 2. HP: 14/19 MP: 2/2
   428 | D:1      | Reached skill level 5 in Short Blades
   428 | D:1      | Reached XP level 3. HP: 23/23 MP: 3/3
   729 | D:2      | Reached skill level 4 in Stealth
   802 | D:2      | Reached XP level 4. HP: 28/28 MP: 4/4
  1524 | D:3      | Noticed a giant frog
  1539 | D:3      | Killed a giant frog
  1539 | D:3      | Reached skill level 5 in Stealth
  1539 | D:3      | Reached XP level 5. HP: 24/32 MP: 5/5
  1872 | D:3      | Reached XP level 6. HP: 37/37 MP: 6/6
  1888 | D:3      | Found a sacrificial altar of Ru.
  2090 | D:3      | Found a basalt altar of Yredelemnul.
  2368 | D:3      | Found a runed door.
  2676 | D:4      | Found a staircase to the Ecumenical Temple.
  2684 | Temple   | Entered the Ecumenical Temple
  2793 | Temple   | Became a worshipper of Hepliaklqana
  2793 | Temple   | Reached * piety under Hepliaklqana
  2793 | Temple   | Reached ** piety under Hepliaklqana
  2820 | D:4      | Remembered your ancestor Marketa as a hexer
  2858 | D:4      | Noticed a slave
  2859 | D:4      | Noticed a slave
  2860 | D:4      | Noticed Pikel
  2863 | D:4      | Noticed a slave
  2865 | D:4      | Noticed a slave
  2880 | D:4      | Killed a slave
  2894 | D:4      | Killed Pikel
  2894 | D:4      | Reached skill level 5 in Fighting
  2894 | D:4      | Reached skill level 5 in Dodging
  2894 | D:4      | Reached XP level 7. HP: 26/44 MP: 6/9
  2977 | D:4      | Reached XP level 8. HP: 23/50 MP: 10/10
  3786 | D:4      | Found Taxit's Gadget Emporium.
  3792 | D:4      | Bought a wand of paralysis (13/24) for 150 gold pieces
  3837 | D:4      | Reached skill level 6 in Stealth
  4464 | D:5      | Entered Level 5 of the Dungeon
  4588 | D:5      | Reached skill level 7 in Stealth
  4588 | D:5      | Reached skill level 1 in Shields
  4588 | D:5      | Reached XP level 9. HP: 46/55 MP: 12/12
  4826 | D:5      | Noticed Duvessa
  4827 | D:5      | Noticed Dowan
  4844 | D:5      | Killed Duvessa
  4855 | D:5      | Killed Dowan
  4977 | D:5      | Reached skill level 8 in Stealth
  5364 | D:6      | Found a glowing golden altar of the Shining One.
  5739 | D:6      | Reached *** piety under Hepliaklqana
  5827 | D:6      | Reached skill level 9 in Stealth
  5833 | D:6      | Reached skill level 5 in Shields
  5846 | D:6      | Got a clouded copper ring
  5847 | D:6      | Identified the ring of Agnosticism {*Tele SInv} (You found it on level 6 of the Dungeon)
  6290 | D:7      | Noticed Joseph
  6539 | D:7      | Reached XP level 10. HP: 60/60 MP: 13/13
  6613 | D:7      | Killed Joseph
  6613 | D:7      | Reached skill level 10 in Stealth
  6671 | D:7      | Got an opalescent robe
  6682 | D:7      | Identified the +2 robe of Greed {Int+4 Dex+4} (You found it on level 7 of the Dungeon)
  7140 | D:7      | Found a white marble altar of Elyvilon.
  7484 | D:8      | Noticed Maurice
  7491 | D:8      | Killed Maurice
  8075 | D:9      | Reached skill level 11 in Stealth
  8102 | D:9      | Noticed a centaur warrior
  8103 | D:9      | Found a large runed door.
  8104 | D:9      | Found a large runed door.
  8155 | D:9      | Reached **** piety under Hepliaklqana
  8278 | D:9      | Found Tyfoij's Assorted Antiques.
  8300 | D:9      | Bought a scroll of identify for 38 gold pieces
  8300 | D:9      | Bought a potion of curing for 57 gold pieces
  8300 | D:9      | Bought 2 scrolls labeled FOJI PADUOK for 38 gold pieces
  8300 | D:9      | Bought a diamond-encrusted leather armour for 133 gold pieces
  8300 | D:9      | Bought a scroll of magic mapping for 66 gold pieces
  8312 | D:9      | Identified the cursed +0 leather armour of Compression {Str+4 Int+3} (You bought it in a shop on level 9 of the Dungeon)
  8377 | D:9      | Found Peugg's Antique Armour Shop.
  8420 | D:9      | Found Vughejan's Magic Scroll Emporium.
  8474 | D:9      | Found a staircase to the Lair.
  8479 | D:9      | Noticed a centaur warrior
  8495 | D:9      | Found Vapnuod's Antique Weapon Emporium.
  8824 | Lair:1   | Entered Level 1 of the Lair of Beasts
  8845 | Lair:1   | Noticed a komodo dragon
  8850 | Lair:1   | Killed a komodo dragon
  8875 | Lair:1   | Reached XP level 11. HP: 54/66 MP: 14/14
  9836 | Lair:1   | Found a glowing silver altar of Zin.
  9863 | Lair:1   | Reached skill level 10 in Short Blades
  9877 | Lair:1   | Reached skill level 12 in Stealth
 10167 | Lair:2   | Reached skill level 5 in Invocations
 10460 | Lair:2   | Noticed a catoblepas
 10503 | Lair:2   | Killed a catoblepas
 10843 | Lair:2   | Reached ***** piety under Hepliaklqana
 10849 | Lair:2   | Noticed Urug
 10858 | Lair:2   | Killed Urug
 10916 | Lair:2   | Noticed Erica
 10923 | Lair:2   | Killed Erica
 11006 | Lair:2   | Reached skill level 13 in Stealth
 11006 | Lair:2   | Reached XP level 12. HP: 75/75 MP: 16/16
 11994 | Lair:3   | Found a staircase to the Shoals.
 12412 | Lair:4   | Got a steaming silver ring
 12414 | Lair:4   | Identified the cursed ring of Sovereignty {rF- Int-2 Dex+4 Stlth+} (You found it on level 4 of the Lair of Beasts)
 12426 | Lair:4   | Found a labyrinth entrance.
 12458 | Lair:4   | Learned a level 3 spell: Confuse
 12460 | Lab      | Entered a labyrinth
 12553 | Lab      | Reached skill level 10 in Dodging
 12574 | Lab      | Noticed a minotaur
 12584 | Lab      | Killed a minotaur
 12590 | Lab      | Identified the Reference Book on Feathers and the Voyage
 12591 | Lab      | Got a bone greatsling
 12595 | Lair:4   | Identified the +2 greatsling "Ypladah" {freeze, Str+3} (You found it in a labyrinth)
 12598 | Lair:4   | Identified a +3 rod of ignition (9/9) (You found it in a labyrinth)
 12607 | Lair:4   | Learned a level 1 spell: Apportation
 12712 | Lair:4   | Reached skill level 1 in Hexes
 12950 | Lair:4   | Found a hole to the Spider Nest.
 13120 | Lair:5   | Found a viscous altar of Jiyva.
 13120 | Lair:5   | Found a staircase to the Slime Pits.
 13194 | Lair:5   | Reached skill level 1 in Spellcasting
 13352 | Lair:5   | Reached skill level 5 in Hexes
 13810 | D:10     | Entered Level 10 of the Dungeon
 13817 | D:10     | Reached XP level 13. HP: 81/81 MP: 18/18
 13833 | D:10     | Identified a scroll of acquirement
 14647 | D:10     | Reached ****** piety under Hepliaklqana
 15015 | D:11     | Found a frozen archway.
 15087 | IceCv    | Entered an ice cave
 15276 | IceCv    | Reached skill level 10 in Fighting
 15276 | IceCv    | Reached skill level 14 in Stealth
 15481 | IceCv    | Noticed a reaper
 15502 | IceCv    | Killed a reaper
 15510 | IceCv    | Got a spiked cloak
 15677 | IceCv    | Identified the +1 cloak of Kenarph {-Cast rPois rC+++ Slay+5} (You found it in an ice cave)
 16191 | D:11     | Reached skill level 1 in Evocations
 16311 | D:11     | Found a staircase to the Orcish Mines.
 16376 | Orc:1    | Entered Level 1 of the Orcish Mines
 16633 | Orc:1    | Noticed an orc warlord
 17089 | D:12     | Reached XP level 14. HP: 88/88 MP: 19/19
 17571 | D:11     | Killed an orc warlord
 17571 | D:11     | Reached skill level 15 in Stealth
 17755 | Orc:1    | Reached skill level 5 in Evocations
 17955 | Orc:2    | Entered Level 2 of the Orcish Mines
 18101 | Orc:2    | Found Zovveu's Distillery.
 18101 | Orc:2    | Found Qata's Assorted Antiques.
 18101 | Orc:2    | Found Lakhunis's Weapon Shop.
 18101 | Orc:2    | Found Zahuqeng's Antique Weapon Shoppe.
 18153 | Orc:2    | Paralysed by an ogre mage for 3 turns
 18368 | Orc:2    | Bought a scroll of identify for 52 gold pieces
 18368 | Orc:2    | Bought a scroll labeled COTIH MEROP for 26 gold pieces
 18368 | Orc:2    | Bought a scroll labeled NINUOM HUERUMU for 26 gold pieces
 18369 | Orc:2    | Bought a potion of heal wounds for 70 gold pieces
 18369 | Orc:2    | Bought a potion of heal wounds for 70 gold pieces
 18412 | Orc:2    | Found a staircase to the Elven Halls.
 18534 | Orc:2    | Reached skill level 16 in Stealth
 18952 | Orc:1    | Noticed Gruud's ghost (journeyman DsGl)
 19144 | Orc:1    | Killed Gruud's ghost
 19647 | Lair:4   | Reached XP level 15. HP: 77/96 MP: 20/20
 20578 | Lair:5   | Learned a level 2 spell: Blink
 21247 | D:9      | Bought the +3 pair of gauntlets of War {Slay+5} for 1330 gold pieces
 21279 | D:9      | Bought a wooden ring for 95 gold pieces
 21558 | Lair:6   | Entered Level 6 of the Lair of Beasts
 21576 | Lair:6   | Reached skill level 17 in Stealth
 22179 | Lair:6   | Reached XP level 16. HP: 98/104 MP: 23/23
 22700 | D:9      | Found an iron altar of Okawaru.
 22710 | D:9      | Found an iron altar of Okawaru.
 22732 | D:9      | Reached skill level 10 in Evocations
 22822 | D:13     | Noticed Rupert
 23117 | D:13     | Reached skill level 18 in Stealth
 23333 | D:13     | Killed Rupert
 23797 | D:13     | Found a blossoming altar of Fedhas.
 23882 | D:13     | Found a gate to the Vaults.
 23931 | D:13     | Reached skill level 15 in Dodging
 23967 | D:13     | Reached skill level 19 in Stealth
 24065 | D:13     | Found a blossoming altar of Fedhas.
 24383 | D:14     | Learned a level 2 spell: Repel Missiles
 24530 | D:14     | Found Usahoweo's Jewellery Boutique.
 24729 | D:14     | Found a roughly hewn altar of Beogh.
 24945 | D:15     | Entered Level 15 of the Dungeon
 24981 | D:15     | Reached XP level 17. HP: 112/112 MP: 24/24
 24982 | D:15     | Noticed Josephine
 25009 | D:15     | Killed Josephine
 25450 | D:15     | Found a staircase to the Depths.
 25501 | D:15     | Reached skill level 15 in Fighting
 25530 | D:15     | Got a fine robe
 25541 | D:15     | Identified the cursed +0 robe of Royalty {Str+3} (You found it on level 15 of the Dungeon)
 25982 | D:15     | Noticed Azrael
 26000 | D:15     | Killed Azrael
 26629 | Shoals:1 | Entered Level 1 of the Shoals
 26818 | Shoals:1 | Reached skill level 20 in Stealth
 26935 | Shoals:1 | Found Emudig's Armour Emporium.
 26947 | Shoals:1 | Bought the +2 buckler of the Monkey {-Cast *Contam rCorr Dex+9} for 534 gold pieces
 28120 | Shoals:3 | Reached XP level 18. HP: 120/120 MP: 25/25
 28875 | Shoals:4 | Entered Level 4 of the Shoals
 29321 | Shoals:4 | Got a crude leather armour
 29322 | Shoals:4 | Identified the +2 leather armour "Xoadim" {rN+ Stlth+} (You took it off a siren on level 4 of the Shoals)
 29684 | Shoals:4 | Got a twitching steel amulet
 29685 | Shoals:4 | Identified the amulet of Zaefe {Inacc rF- Str+4 SInv} (You found it on level 4 of the Shoals)
 30213 | Shoals:4 | Noticed Ilsuiw
 30228 | Shoals:4 | Killed Ilsuiw
 30253 | Shoals:4 | Noticed Donald
 30265 | Shoals:4 | Killed Donald
 30286 | Shoals:4 | Reached XP level 19. HP: 123/130 MP: 26/26
 30338 | Shoals:4 | Got a barnacled rune of Zot
 30450 | Spider:1 | Entered Level 1 of the Spider Nest
 30963 | Spider:1 | Got a coiled marble ring
 30965 | Spider:1 | Identified the ring of Boqoise {rElec rPois AC+1 Int+4} (You acquired it on level 1 of the Spider Nest)
 31653 | Spider:3 | Noticed Jorgrun
 31677 | Spider:3 | Killed Jorgrun
 31747 | Spider:3 | Cast into level 3 of the Abyss (a Zot trap)
 32150 | Abyss:3  | Noticed a bone dragon
 32231 | Spider:3 | Escaped the Abyss
 32248 | Spider:3 | Killed a bone dragon
 33650 | Spider:4 | Entered Level 4 of the Spider Nest
 33702 | Spider:4 | Noticed Nikola
 33718 | Spider:4 | Killed Nikola
 33765 | Spider:4 | Reached XP level 20. HP: 112/139 MP: 27/27
 33805 | Spider:4 | Noticed Roxanne
 33848 | Spider:4 | Killed Roxanne
 33850 | Spider:4 | Identified Roxanne's Compendium of the Rocks (You took it off Roxanne on level 4 of the Spider Nest)
 33868 | Spider:4 | Got a pitted hat
 33879 | Spider:4 | Identified the +1 hat of Emaow {+Blink +Fly rF++ Str-2} (You acquired it on level 4 of the Spider Nest)
 34156 | Spider:4 | Noticed Charly's ghost (journeyman HaWr)
 34164 | Spider:4 | Noticed Arachne
 34166 | Spider:4 | Killed Arachne
 34166 | Spider:4 | Reached skill level 21 in Stealth
 34187 | Spider:4 | Killed Charly's ghost
 34584 | Spider:4 | Noticed Mara
 34627 | Spider:4 | Noticed tsouns's illusion
 34631 | Spider:4 | Killed Mara
 34875 | Spider:4 | Got a gossamer rune of Zot
 35282 | Vaults:1 | Entered Level 1 of the Vaults
 35282 | Vaults:1 | Found Jiecs's Gadget Boutique.
 35288 | Vaults:1 | Bought a lamp of fire for 640 gold pieces
 35427 | Vaults:1 | Found Herghim's Food Boutique.
 35987 | Vaults:1 | Reached XP level 21. HP: 145/145 MP: 29/29
 36247 | Vaults:1 | Found Lughakod's General Store.
 36254 | Vaults:1 | Bought a scroll of identify for 24 gold pieces
 36254 | Vaults:1 | Bought a scroll of identify for 24 gold pieces
 36254 | Vaults:1 | Bought a potion of curing for 36 gold pieces
 36293 | Vaults:1 | Found Hetazxiri's Jewellery Shoppe.
 36302 | Vaults:1 | Got a faintly glowing ring mail
 36313 | Vaults:1 | Identified the cursed +1 ring mail of Reason {rC+ Dex+2} (You found it on level 1 of the Vaults)
 36346 | Vaults:1 | Found Orajuw's Weapon Boutique.
 37002 | Vaults:2 | Reached skill level 22 in Stealth
 37100 | Vaults:2 | Reached skill level 10 in Invocations
 37353 | Vaults:2 | Found Ucvi's Magic Scroll Shoppe.
 37495 | Vaults:2 | Bought a scroll of identify for 26 gold pieces
 37495 | Vaults:2 | Bought a scroll of identify for 26 gold pieces
 37843 | Vaults:3 | Noticed mistymad's ghost (veteran MfSk)
 37910 | Vaults:3 | Killed mistymad's ghost
 38733 | Vaults:3 | Noticed Jory
 38755 | Vaults:3 | Killed from afar by Jory

Vault maps used:
D:1:      dpeg_arrival_simpleton_c
D:2:      first_bread
D:3:      marbit_many_paths, nicolae_ru_sacrificial_ziggurat,
          uniq_crazy_yiuf_cottage
D:4:      serial_shops, shop_fountains, grunt_ministairs_5, moated_statue,
          serial_park_tiny_2, guppyfry_early_orc_mine, uniq_pikel
D:5:      uniq_duvessa
D:6:      tso_metal_star
D:7:      basic_altar, uniq_joseph
D:8:      uniq_maurice
D:9:      okawaru_arena_lexackson, lair_0_dummy, serial_shops, shop,
          nicolae_shop_statue_plus, shop, shop, blue_anna_alchemist
D:10:     lemuel_ice_spiral_2
D:11:     erik_orc_1, portal_ice_cave_demonic_guard
D:12:     minmay_fountain_box
D:13:     minmay_box_of_statues, erik_vaults_2, serial_undead, serial_undead_c,
          serial_undead_c, serial_undead_c, serial_undead_b, serial_undead_d,
          serial_undead_a, hangedman_tree_tricks, fedhas_altar_decomposition,
          uniq_rupert
D:14:     serial_shops, nicolae_shop_stone, serial_park_square1, special_room,
          spider_trap
D:15:     hangedman_depths_entry_civil_slaughter, serial_park_avenue1,
          kennysheep_inner_square, uniq_josephine, uniq_azrael
Temple:   compressed_dpeg_triangle_lava_temple
Lair:1:   basic_altar
Lair:2:   uniq_erica, uniq_urug
Lair:3:   minmay_shoals_entry_lonely_mermaid, lemuel_fruit_tree
Lair:4:   regret_index_tunnel_blossom, spider_nest_entry_web_field,
          lab_entry_generic
Lair:5:   dragon1_lemuel, slime_altar_1, serial_bayou_shore_a,
          lemuel_fruit_fields
Lair:6:   evilmike_catoblepas_cave, st_stairs_11,
          eino_small_chamber_without_monster, ice2_lemuel
Shoals:1: serial_shops, shop
Shoals:2: nicolae_shoals_so_close
Shoals:4: shoals_end_grunt_ice, shoal_ilsuiw, uniq_donald
Spider:1: einodemon_crawler_minivault
Spider:3: uniq_jorgrun
Spider:4: spider_rune_water, uniq_arachne, uniq_mara, uniq_roxanne, uniq_nikola
Orc:1:    nicolae_orc_accident_3
Orc:2:    st_orc_ogre_mass, special_room
Vaults:1: vaults_room_octagon, hangedman_vaults_restitches,
          vaults_mumra_minichess_inversion, vaults_room_grid,
          vaults_standard_mumra_x, nicolae_vaults_fighting_squares,
          grunt_vaults_funnel, nicolae_vaults_gold_heap,
          nicolae_vaults_rhombus_6, dpeg_vaults_monster_row,
          ontoclasm_vaults_hangar, serial_shops, shop_fountains, shop, shop,
          shop_statue, nicolae_shop_behind_doors
Vaults:2: v_misc_2, hangedman_vaults_variations, v_rooms_3,
          vaults_standard_mumra_lines, nicolae_vaults_little_squares_1,
          nicolae_vaults_theta, hangedman_vaults_corner,
          vaults_room_fancy_cross, nicolae_vaults_ninety_degrees,
          vaults_dpeg_ring, vaults_room_door_ring, serial_shops,
          nicolae_shop_statue_plus
Vaults:3: v_alt_pattern_4, grunt_vaults_trifunnel, hangedman_vaults_stagger,
          v_misc_5, v_misc_24, grunt_vaults_hallway_long, kb_rosetta,
          nicolae_vaults_little_squares_6, nicolae_vaults_specimen_jars,
          minmay_crypt_entry_simple_box, v_misc_27, serial_shops,
          nicolae_shop_behind_doors, uniq_jory
Lab:      nicolae_lab_dead_end, nicolae_lab_grate, lab_fountain
IceCv:    ice_cave_small_demon

Skill      XL: |  1  2  3  4  5  6  7  8  9 10 11 12 13 14 15 16 17 18 19 20 21 |
---------------+----------------------------------------------------------------+-----
Stealth        | 3 4 5 7 9 11 13 14 16 17 19 20 21 22 | 22.4
Short Blades   | 5 6 7 9 10 | 10.2
Fighting       | 5 6 8 9 10 12 13 14 16 18 19 20 | 20.3
Dodging        | 5 7 9 10 11 12 14 15 16 17 18 19 | 19.8
Invocations    | 3 4 6 7 9 10 | 10.6
Shields        | 1 5 6 7 8 |  8.7
Hexes          | 5 7 |  7.6
Spellcasting   | 2 3 |  3.8
Evocations     | 3 7 9 10 11 12 | 12.9
Maces & Flails | |  0.4

Action                   |  1- 3 |  4- 6 |  7- 9 | 10-12 | 13-15 | 16-18 | 19-21 || total
-------------------------+-------+-------+-------+-------+-------+-------+-------++-------
Melee: Short sword       |    49 |   198 |   214 |       |       |       |       ||   461
       Mace              |       |     5 |       |       |       |       |       ||     5
       Falchion          |       |       |    41 |       |       |       |       ||    41
       Rapier            |       |       |   111 |   798 |       |       |       ||   909
       Dagger            |       |       |    11 |    90 |     2 |       |       ||   103
       Quick blade       |       |       |       |       |  1527 |  1485 |  1615 ||  4627
Throw: Tomahawk          |       |       |     1 |       |       |       |       ||     1
 Cast: Confuse           |       |       |       |       |     8 |       |       ||     8
Invok: Ancestor Life: He |       |     1 |       |       |       |       |       ||     1
       Recall Ancestor   |       |       |       |       |     1 |       |     1 ||     2
       Ancestor Identity |       |       |       |       |       |     2 |       ||     2
       Idealise          |       |       |       |       |       |     1 |       ||     1
Evoke: Wand              |       |       |       |    15 |     7 |     3 |     2 ||    27
  Use: Scroll            |     5 |     6 |     5 |    17 |    14 |    14 |     5 ||    66
       Potion            |       |     1 |       |     2 |     3 |     4 |     4 ||    14
 Stab: Sleeping          |     8 |    11 |    13 |    45 |    59 |    61 |   119 ||   316
       Distracted        |       |     1 |     5 |    10 |    15 |    12 |     9 ||    52
       Confused          |       |       |     5 |    14 |    13 |     9 |    93 ||   134
       Paralysed         |       |       |       |     2 |     9 |    26 |    31 ||    68
       Invisible         |       |       |       |    14 |     4 |     9 |     1 ||    28
  Eat: Chunk             |     8 |     7 |    11 |    24 |    28 |    26 |    11 ||   115
       Pizza             |       |       |       |       |       |       |     7 ||     7
Armor: Robe              |     8 |    29 |    21 |    30 |    40 |    45 |    33 ||   206
       Skin              |       |       |       |       |       |     1 |       ||     1
Dodge: Dodged            |    22 |   121 |   157 |   362 |   454 |   452 |   399 ||  1967
Block: Buckler           |       |       |    34 |   168 |   260 |   458 |   460 ||  1380
       Reflection        |       |       |       |       |       |    51 |    21 ||    72
